 Dungeon Crawl Stone Soup version 0.26-a0-474-gfaca0e1de5 (webtiles) character file.

Game seed: 11896095148831529530

161 KristoblXynda the Sneak (level 5, 0/40 HPs)
             Began as a Vampire Brigand on July 30, 2020.
             Was an Initiate of Gozag.
             Slain by a gnoll
             ... wielding a +0 spear
              (7 damage)
             ... on level 3 of the Dungeon.
             The game lasted 00:04:00 (1801 turns).

KristoblXynda the Sneak (Vampire Brigand)           Turns: 1801, Time: 00:04:01

Health: 0/40       AC:  5    Str: 10    XL:     5   Next: 18%
Magic:  5/5        EV: 13    Int: 15    God:    Gozag
Gold:   235        SH:  0    Dex: 11    Spells: 4/4 levels left

rFire    . . .     SeeInvis +   a - +3 dagger
rCold    . . .     Faith    .   (no shield)
rNeg     . . .     Spirit   .   b - +0 robe
rPois    .         Reflect  .   (no helmet)
rElec    .         Harm     .   c - +1 cloak
rCorr    .                      (no gloves)
MR       .....                  i - +0 pair of boots
Stlth    +++.......             (no amulet)
HPRegen  0.33/turn              n - -4 ring of dexterity (curse)
MPRegen  0.09/turn              (no ring)

@: gold aura, regenerating quickly
A: fangs 3, see invisible, unbreathing
a: Exsanguinate, Potion Petition, Call Merchant, Bribe Branch, Renounce Religion


You were on level 3 of the Dungeon.
You worshipped Gozag.
Gozag was aware of your devotion.
You visited 1 branch of the dungeon, and saw 3 of its levels.

You collected 246 gold pieces.
You paid 11 gold pieces to Gozag.

Inventory:

Hand Weapons
 a - a +3 dagger (weapon)
Missiles
 d - 46 poisoned darts (quivered)
 e - 2 curare-tipped darts
Armour
 b - a +0 robe (worn)
 c - a +1 cloak (worn)
 i - a +0 pair of boots (worn)
Jewellery
 n - a cursed -4 ring of dexterity (left hand)
Wands
 q - a wand of random effects (8)
Scrolls
 g - 2 scrolls of teleportation
 j - a scroll of identify
 l - a scroll of magic mapping
Potions
 f - a potion of resistance
 h - 2 potions of flight
 k - a potion of heal wounds
 m - a potion of magic
 o - a potion of invisibility
 p - 2 potions of curing
 r - a potion of might


   Skills:
 + Level 2.8 Fighting
 + Level 3.4 Short Blades
 - Level 2.0 Throwing
 + Level 2.9 Dodging
 + Level 6.7 Stealth


You had 4 spell levels left.
You didn't know any spells.
Your spell library was empty.

Dungeon Overview and Level Annotations

Branches:
Dungeon (3/15)

Altars:
Ashenzari
Gozag
Makhleb
Nemelex Xobeh

Annotations:
D:3 2 transporters


Innate Abilities, Weirdness & Mutations

Your natural rate of healing is unusually fast.
You have razor-sharp teeth.
You have supernaturally acute eyesight. (SInv)
You can survive without breathing.


Message History

The gnoll is poisoned.
The gnoll is almost dead.
The gnoll hits you but does no damage.
Unknown command.
Throwing (i - inventory. (/) - cycle)
d - 48 poisoned darts (quivered)
Press: ? - help, Shift-Dir - straight line, f/p - gnoll
Aim: a gnoll, wielding a +3 halberd (almost dead, poisoned)
You throw a poisoned dart.
The poisoned dart closely misses the gnoll.
You kill the gnoll!
The gnoll hits you from afar with a +0 spear!
* * * LOW HITPOINT WARNING * * *
Throwing (i - inventory. (/) - cycle)
d - 47 poisoned darts (quivered)
Press: ? - help, Shift-Dir - straight line, f - gnoll
Aim: a gnoll, wielding a +0 spear You throw a poisoned dart.
The poisoned dart barely misses the gnoll.
The gnoll hits you from afar with a +0 spear!
You die...
Your body crumbles into a pile of gold.

⌠≈..+/©#©....####.#(..#####
≈P..#..#..#.....(.(......#
≈≈≈≈#.P#.#...............#
#......)$....#....
#............##....
..#............# ....
.........g.....# #..
####..........#
#....@.....# #..........#
#####..##### #..# #.## ###
$ $


You could see a gnoll.

Vanquished Creatures
  A hound (D:3)
  An orc wizard (D:3)
  2 adders
  2 gnolls (D:3)
  A dart slug (D:1)
  A worm (D:2)
  A leopard gecko (D:1)
  4 orcs
  7 bats
  2 giant cockroaches
  4 hobgoblins
  4 jackals (D:2)
  A quokka (D:2)
  6 frilled lizards
  7 goblins
  8 kobolds
  9 rats
61 creatures vanquished.

Notes
Turn   | Place    | Note
-------+----------+-------------------------------------------
     0 | D:1      | KristoblXynda the Vampire Brigand began the quest for the
                  | Orb.
     0 | D:1      | Reached XP level 1. HP: 16/16 MP: 1/1
   237 | D:1      | Reached XP level 2. HP: 22/22 MP: 2/2
   846 | D:2      | Reached skill level 6 in Stealth
   846 | D:2      | Reached XP level 3. HP: 27/27 MP: 3/3
   908 | D:2      | Found an opulent altar of Gozag.
   912 | D:2      | Found a sparkling altar of Nemelex Xobeh.
   917 | D:2      | Became a worshipper of Gozag Ym Sagoz the Greedy
  1161 | D:2      | Found a shattered altar of Ashenzari.
  1413 | D:3      | Reached XP level 4. HP: 34/34 MP: 4/4
  1417 | D:3      | Found a burning altar of Makhleb.
  1437 | D:3      | Found a transporter.
  1541 | D:3      | Found a transporter.
  1743 | D:3      | Reached XP level 5. HP: 35/39 MP: 5/5
  1801 | D:3      | Slain by a gnoll

Illustrated notes

Levels and vault maps discovered:
D:1:      psy_arrival_wood_between_worlds, layout_loops_ring, minmay_misc_feat_x
D:2:      layout_rooms, grunt_temple_overflow_opulence, ashenzari_altar_1
D:3:      gammafunk_wand_slinger, layout_rooms, makhleb_heckhound_becter,
          uniq_ijyb

Skill      XL: |  1  2  3 |
---------------+----------+-----
Fighting       | 2 |  2.8
Stealth        | 6 |  6.7
Throwing       | 2 |  2.0
Dodging        | 2 |  2.9
Short Blades   | 3 |  3.4

Action                   |  1- 3 |  4- 6 || total
-------------------------+-------+-------++-------
Melee: Dagger            |   136 |    62 ||   198
       Bite              |     9 |     4 ||    13
Throw: Dart              |     4 |     8 ||    12
  Use: Scroll            |     9 |     5 ||    14
 Stab: Sleeping          |    13 |     1 ||    14
Armor: Robe              |    54 |    14 ||    68
Dodge: Dodged            |    95 |    37 ||   132

Table legend: (Time is in decaauts)
 A = Elapsed time spent in this place.
 B = Non-inter-level travel time spent in this place.
 C = Inter-level travel time spent in this place.
 D = Time resting spent in this place.
 E = Time spent auto-exploring this place.
 F = Levels seen in this place.
 G = Mean time per level.
                   A        B        C        D        E       F      G
               +--------+--------+--------+--------+--------+-----+--------+
         Total |   1773 |   1702 |     71 |    161 |    930 |   3 |  591.0 |
       Dungeon |   1773 |   1702 |     71 |    161 |    930 |   3 |  591.0 |
               +--------+--------+--------+--------+--------+-----+--------+

Top non-repeatable levels by time:
     D:1: 813 daAuts
     D:2: 654 daAuts
     D:3: 306 daAuts
